 Dungeon Crawl Stone Soup version 0.16.2-12-gd0ad4c3 (webtiles) character file.

357 Kloppie the Skirmisher (level 6, -3/52 HPs)
             Began as a Vine Stalker Berserker on Nov 1, 2015.
             Was a Priest of Trog.
             Slain by Pikel
             ... wielding a +2 whip of electrocution
              (9 damage)
             ... on level 3 of the Dungeon.
             The game lasted 00:08:50 (2389 turns).

Kloppie the Skirmisher (Vine Stalker Berserker)     Turns: 2389, Time: 00:08:50

Health: -3/52      AC:  6    Str: 26    XL:     6   Next: 64%
Magic:  0/8        EV: 12    Int:  7    God:    Trog [***...]
Gold:   208        SH:  0    Dex: 14    Spells: 0 memorised, 5 levels left

rFire  + . .     SeeInvis .     u - +0 flail
rCold  . . .     Clarity  .     e - +2 leather armour {rF+}
rNeg   . . .     SustAb   .     (no shield)
rPois  .         Gourm    .     (no helmet)
rElec  .         Spirit   +     v - +0 cloak
rCorr  .         Warding  .     (no gloves)
rMut   .         Stasis   .     (no boots)
MR     ++...                    (no amulet)
Stlth  ..........               (no ring)
                                (no ring)

@: berserking (expiring), regenerating, very quick, very resistant to hostile
enchantments, extremely unstealthy
A: fangs 2, regeneration 2, magic shield, antimagic bite, no device heal 3, rot
immunity
a: Burn Spellbooks, Berserk, Trog's Hand, Renounce Religion


You were on level 3 of the Dungeon.
You worshipped Trog.
Trog was most pleased with you.
You were very hungry.

You visited 1 branch of the dungeon, and saw 4 of its levels.

You collected 208 gold pieces.

Inventory:

Hand weapons
 a - a +0 mace
 u - a +0 flail (weapon)
Armour
 e - a +2 leather armour of fire resistance (worn)
 m - a +0 plate armour
 v - a +0 cloak (worn)
Jewellery
 j - an uncursed amulet of guardian spirit {unknown}
 r - a cursed ring of teleportation {unknown}
 x - a +5 ring of intelligence {unknown}
Scrolls
 d - a scroll of blinking {unknown}
 f - 4 scrolls of identify {unknown}
 g - 2 scrolls of random uselessness {unknown}
 i - 2 scrolls of remove curse {unknown}
 o - a scroll of amnesia {unknown}
 p - a scroll of enchant weapon {unknown}
 q - 2 scrolls of recharging {unknown}
 w - a scroll of teleportation {unknown}
Potions
 b - a potion of restore abilities {unknown}
 h - a potion of curing {unknown}
 k - a potion of berserk rage {unknown}
 l - a potion of cancellation {unknown}
 s - a potion of might {unknown}
Comestibles
 c - 3 bread rations
 n - a slice of pizza
 t - a meat ration


   Skills:
 + Level 5.1 Fighting
 + Level 4.9 Maces & Flails
 - Level 1.5 Armour
 - Level 1.5 Dodging


You had 5 spell levels left.
You didn't know any spells.

Dungeon Overview and Level Annotations

Branches:
Dungeon (4/15)
 Temple: D:4-7

Altars:
Nemelex Xobeh
Vehumet
The Shining One

Annotations:
D:3 Pikel


Innate Abilities, Weirdness & Mutations

You have extremely sharp teeth.
You heal very quickly.
When hurt, damage is shared between your health and your magic reserves.
Your bite disrupts and absorbs the magic of your enemies.
Potions and wands cannot restore your health.
You are immune to rotting.


Message History

You feel slightly more hungry.
Use which ability? (? or * to list)
A red film seems to cover your vision as you go berserk!
You feel yourself moving faster!
You feel mighty!
You are feeling very hungry.
Pikel hits you but does no damage.
You are electrocuted!
* * * LOW HITPOINT WARNING * * *
You sock Pikel! Your bite misses Pikel.
Pikel is heavily wounded.
Pikel hits you with a whip of electrocution.
* * * LOW HITPOINT WARNING * * *
You closely miss Pikel.
Pikel is heavily wounded.
Pikel closely misses you.
You miss Pikel.
Pikel is heavily wounded.
Pikel hits you with a whip of electrocution!
* * * LOW HITPOINT WARNING * * *
You are electrocuted!
You die...

# #.#.#..)........#
#######.#.#.#.........#
......#.#.#<#.#.#######
#####.#.#.###.#.########
#.#.#.....#........#
#.#.##############.# #.#.#
#.........#.#
#####...####.#######)#.##########
..))............@Kp[>...........#
.#####..####...####.#...........#
..# ##.## #.....<#.#...........#
#'## #..# #..#####.##.##########
...♣# #..###........##.# ....#
#...###.########.# ...♣#
#....)...........#
....#####.###.###############
#_####......................#


You could see Pikel and a slave.

Vanquished Creatures
  2 slaves
  A phantom (D:3)
  A centaur zombie (D:3)
  An orc wizard (D:3)
  11 adders
  4 worms
  A giant gecko (D:4)
  An ooze (D:2)
  8 orcs (D:3)
  A giant cockroach (D:3)
  15 hobgoblins
  8 jackals
  5 bats
  4 giant newts
  3 goblins (D:2)
  8 kobolds
  A quokka (D:2)
  5 rats
80 creatures vanquished.

Notes
Turn   | Place    | Note
--------------------------------------------------------------
     0 | D:1      | Kloppie, the Vine Stalker Berserker, began the quest for the Orb.
     0 | D:1      | Reached XP level 1. HP: 11/11 MP: 1/1
   145 | D:1      | Reached skill level 3 in Maces & Flails
   194 | D:1      | Reached XP level 2. HP: 16/16 MP: 3/3
   682 | D:2      | Reached XP level 3. HP: 20/20 MP: 4/4
   690 | D:2      | Acquired Trog's second power
   903 | D:2      | Reached XP level 4. HP: 24/24 MP: 5/5
  1092 | D:2      | Found a sparkling altar of Nemelex Xobeh.
  1325 | D:3      | Reached skill level 4 in Fighting
  1456 | D:3      | Reached XP level 5. HP: 29/29 MP: 7/7
  1461 | D:3      | Found a radiant altar of Vehumet.
  1805 | D:3      | Found a glowing golden altar of the Shining One.
  1955 | D:3      | Gained mutation: You heal very quickly. [vine stalker growth]
  1955 | D:3      | Reached XP level 6. HP: 14/34 MP: 8/8
  2160 | D:3      | Reached skill level 5 in Fighting
  2333 | D:4      | Noticed Pikel
  2389 | D:3      | Slain by Pikel

Action                   |  1- 3 |  4- 6 || total
-------------------------+-------+-------++-------
Melee: Mace              |    78 |   129 ||   207
       Flail             |       |    72 ||    72
Invok: Berserk           |     2 |     2 ||     4
       Trog's Hand       |       |     4 ||     4
  Eat: Chunk             |     2 |     6 ||     8
